 Dungeon Crawl Stone Soup version 0.26-a0-415-g2a9615731a (webtiles) character file.

Game seed: 7929021560979857941

533230 Zarlindeir the Earth Mage (level 25, 0/160 HPs)
             Began as a Gargoyle Earth Elementalist on July 19, 2020.
             Was the Champion of Vehumet.
             Blown up by an ancient lich (48 damage)
             ... with a wavering orb of destruction
             ... on level 2 of the Depths on July 25, 2020.
             The game lasted 02:53:13 (65695 turns).

Zarlindeir the Earth Mage (GrEE)                   Turns: 65695, Time: 02:53:14

Health: 0/160      AC: 48    Str: 19    XL:     25   Next: 71%
Magic:  3/42       EV: 18    Int: 43    God:    Vehumet [******]
Gold:   5519       SH:  6    Dex: 10    Spells: 3/55 levels left

rFire    + + +     SeeInvis +   o - +3 eveningstar (protect)
rCold    + + +     Faith    .   O - +2 buckler of Emew {Slay+5 Stlth+}
rNeg     + . .     Spirit   .   v - +5 steam dragon scales
rPois    ∞         Reflect  .   E - +2 helmet {Int+3}
rElec    +         Harm     .   p - +0 cloak of Indomitability {rF+ SInv Stlth+}
rCorr    .                      H - +2 pair of gloves {Str+3}
MR       +++..                  N - +2 pair of boots of Ophar {*Contam rF+ rC+ Int+4}
Stlth    ++++......             C - amulet "Plog" {Acrobat rF+ MR++}
HPRegen  0.36/turn              n - +6 ring of intelligence
MPRegen  0.28/turn              e - +6 ring of intelligence

@: protection aura, flying
A: big wings, cold resistance 2, negative energy resistance 1, electricity
resistance, unbreathing, petrification resistance, rot immunity, AC +19
}: 3/15 runes: decaying, serpentine, silver
a: Stop Flying, Renounce Religion


You were on level 2 of the Depths.
You worshipped Vehumet.
Vehumet was exalted by your worship.
You visited 10 branches of the dungeon, and saw 45 of its levels.
You visited 1 bazaar.
You also visited: Bailey.

You collected 8951 gold pieces.
You spent 3432 gold pieces at shops.

Inventory:

Hand Weapons
 o - a +3 eveningstar of protection (weapon)
Missiles
 b - 1062 stones (quivered)
 k - 3 throwing nets
Armour
 p - the +0 cloak of Indomitability (worn) {rF+ SInv Stlth+}
   (You acquired it on level 1 of the Elven Halls)

   It protects you from fire.
   It lets you see invisible.
   It makes you more stealthy.
 v - +5 steam dragon scales (worn)
 E - a +2 helmet of intelligence (worn)
 H - a +2 pair of gloves of strength (worn)
 N - the +2 pair of boots of Ophar (worn) {*Contam rF+ rC+ Int+4}
   (You found it on level 11 of the Dungeon)

   It affects your intelligence (+4).
   It protects you from fire.
   It protects you from cold.
   It causes magical contamination when unequipped.
 O - the +2 buckler of Emew (worn) {Slay+5 Stlth+}
   (You found it on level 4 of the Snake Pit)

   It affects your accuracy and damage with ranged weapons and melee attacks
   (+5).
   It makes you more stealthy.
Magical Staves
 r - an uncursed staff of energy
Jewellery
 e - a +6 ring of intelligence (right hand)
 n - a +6 ring of intelligence (left hand)
 C - the amulet "Plog" (around neck) {Acrobat rF+ MR++}
   (You acquired it on level 5 of the Lair of Beasts)

   [amulet of the acrobat]

   It helps you evade while moving and waiting.
   It protects you from fire.
   It affects your resistance to hostile enchantments.
 P - an uncursed ring of resist corrosion
Wands
 l - a wand of digging (13)
 R - a wand of acid (58)
 X - a wand of disintegration (4)
 Y - a wand of iceblast (21)
Scrolls
 i - 7 scrolls of blinking
 q - 29 scrolls of remove curse
 y - 4 scrolls of fog
 F - 7 scrolls of magic mapping
 G - 23 scrolls of identify
 K - 8 scrolls of amnesia
 M - 13 scrolls of teleportation
Potions
 a - 3 potions of ambrosia
 c - 9 potions of stabbing
 d - 6 potions of mutation
 g - 4 potions of berserk rage
 s - 9 potions of haste
 t - 30 potions of curing
 w - 13 potions of heal wounds
 B - 3 potions of resistance
 J - 6 potions of brilliance
 L - 2 potions of cancellation
 S - 6 potions of might
 T - 5 potions of invisibility
Miscellaneous
 h - 8 phantom mirrors
 A - a lightning rod (4/4)
 D - 6 boxes of beasts
 U - a phial of floods


   Skills:
 + Level 17.1 Fighting
 + Level 16.0 Maces & Flails
 - Level 6.0 Armour
 + Level 13.9 Dodging
 - Level 2.1 Stealth
 - Level 4.0 Shields
 + Level 15.5 Spellcasting
 + Level 17.7 Conjurations
   Level 0.7 Transmutations
 * Level 18.7 Fire Magic
 + Level 19.4 Earth Magic
 - Level 6.0 Evocations


You had 3 spell levels left.
You knew the following spells:

 Your Spells              Type           Power        Failure   Level
a - Sandblast             Erth           ######       0%          1
b - Stone Arrow           Conj/Erth      ######       0%          3
c - Lee's Rapid Deconstr  Erth           ########..   0%          5
d - Iron Shot             Conj/Erth      ########..   1%          6
e - Fireball              Conj/Fire      ########..   0%          5
f - Starburst             Conj/Fire      ########..   1%          6
g - Ignition              Fire           ########..   1%          8
h - Shatter               Erth           ########..   8%          9
i - Fire Storm            Conj/Fire      ########..   13%         9

Your spell library contained the following spells:

 Spells                   Type           Power        Failure   Level
 Lehudib's Crystal Spear  Conj/Erth      ########..   1%          8
 Chain Lightning          Conj/Air       #######...   32%         8
 Foxfire                  Conj/Fire      ####         0%          1
 Magic Dart               Conj           ####         0%          1
 Shock                    Conj/Air       ####         0%          1
 Conjure Flame            Conj/Fire      ########     0%          3
 Animate Skeleton         Necr           ####..       1%          1
 Apportation              Tloc           ####..       1%          1
 Beastly Appendage        Tmut           #####.       1%          1
 Corona                   Hex            ####...      1%          1
 Pain                     Necr           ####         1%          1
 Summon Small Mammal      Summ           ####         1%          1
 Blink                    Tloc           N/A          1%          2
 Call Imp                 Summ           ####....     1%          2
 Corpse Rot               Necr/Air       N/A          1%          2
 Ensorcelled Hibernation  Hex/Ice        ####..       1%          2
 Passwall                 Tmut/Erth      #######.     1%          2
 Poisonous Vapours        Pois/Air       ####..       1%          2
 Slow                     Hex            ####....     1%          2
 Swiftness                Air            ####....     1%          2
 Wereblood                Tmut           #####...     1%          2
 Dazzling Flash           Conj/Hex       ######       1%          3
 Ignite Poison            Fire/Tmut/Pois ######..     1%          3
 Inner Flame              Hex/Fire       #######.     1%          3
 Mephitic Cloud           Conj/Pois/Air  ######..     1%          3
 Static Discharge         Conj/Air       #######.     1%          3
 Call Canine Familiar     Summ           ####....     2%          3
 Confusing Touch          Hex            ####....     2%          3
 Gell's Gravitas          Tloc           ####......   2%          3
 Lesser Beckoning         Tloc           ####......   2%          3
 Ozocubu's Armour         Ice            ####....     2%          3
 Spider Form              Tmut/Pois      #####.....   2%          3
 Summon Guardian Golem    Hex/Summ       ####....     2%          3
 Teleport Other           Tloc           ####....     2%          3
 Tukima's Dance           Hex            ####....     2%          3
 Sticky Flame             Conj/Fire      ########     0%          4
 Petrify                  Tmut/Erth      #######.     1%          4
 Irradiate                Conj/Tmut      #######...   1%          5
 Lightning Bolt           Conj/Air       #######...   1%          5
 Airstrike                Air            ####......   2%          4
 Freezing Cloud           Conj/Ice/Air   ######....   3%          6
 Ice Form                 Ice/Tmut       #####...     7%          4
 Passage of Golubria      Tloc           N/A          9%          4
 Summon Ice Beast         Ice/Summ       ####....     9%          4
 Summon Lightning Spire   Summ/Air       ####....     9%          4
 Blade Hands              Tmut           #####.....   17%         5
 Alistair's Intoxication  Tmut/Pois      #####....    21%         5
 Metabolic Englaciation   Hex/Ice        ####......   22%         5
 Summon Forest            Summ/Tloc      ####......   22%         5
 Ozocubu's Refrigeration  Ice            ####......   30%         6
 Hydra Form               Tmut           #####.....   67%         6
 Eringya's Noxious Bog    Tmut/Pois      #####.....   73%         6
 Death Channel            Necr           ####......   77%         6
 Simulacrum               Ice/Necr       ####......   77%         6
 Haunt                    Necr/Summ      ####......   100%        7
 Summon Hydra             Summ           ####......   100%        7
 Borgnjor's Revivificati  Necr           ####......   100%        8
 Infestation              Necr           ####......   100%        8
 Necromutation            Tmut/Necr      #####.....   100%        8
 Absolute Zero            Ice            ####......   100%        9
 Death's Door             Necr           ####......   100%        9
 Tornado                  Air            ####......   100%        9
 Sublimation of Blood     Necr           Unusable     N/A         2

Dungeon Overview and Level Annotations

Branches:
Dungeon (15/15)            Temple (1/1) D:6            Lair (6/6) D:10
  Swamp (4/4) Lair:3        Snake (4/4) Lair:2        Slime (0/5) Lair:5
    Orc (2/2) D:11            Elf (3/3) Orc:2        Vaults (5/5) D:14
  Crypt (3/3) Vaults:3       Tomb (0/3) Crypt:3      Depths (2/5) D:15
 Bailey (visited)

Altars:
Ashenzari
Cheibriados
Dithmenos
Elyvilon
Fedhas
Gozag
Hepliaklqana
Kikubaaqudgha
Makhleb
Nemelex Xobeh
Okawaru
Qazlal
Ru
Sif Muna
Trog
Uskayaw
Vehumet
Wu Jian
Xom
Yredelemnul
Zin
The Shining One
Beogh

Shops:
D:6 (   D:13 ![:}?   Orc:1 !   Orc:2 [[*(=   Elf:1 *   Elf:2 ?   Snake:1 [
Vaults:2 *

Portals:
Hell: Depths:1 Depths:2
Abyss: Depths:1 Depths:2
Pandemonium: Depths:2

Annotations:
D:9 4 runed translucent doors
D:12 1 runed translucent door, hofbold's ghost, journeyman KoDe
Lair:2 exclusion: 2 oklob plants
Elf:1 6 runed translucent doors
Elf:2 5 runed translucent doors
Vaults:3 3 runed translucent doors, Owio's ghost, adept MiGl


Innate Abilities, Weirdness & Mutations

You are resistant to torment.
Your stone body is resilient. (AC +19)
You are immune to poison.
Your large and strong wings let you fly indefinitely.
You resist negative energy. (rN+)
You are resistant to electric shocks. (rElec)
You can survive without breathing.
You are immune to petrification.
You are immune to rotting.
Your flesh is very cold resistant. (rC++)


Message History

You block the ancient lich's attack.
You closely miss the ancient lich.
The ancient lich is heavily damaged.
The ancient lich launches a ball of destructive magic.
An orb of destruction comes into view.
You puncture the ancient lich!
The ancient lich is severely damaged.
You block the ancient lich's attack.
You hit the ancient lich but do no damage.
The ancient lich is severely damaged.
The wavering orb of destruction hits you!!!!
* * * LOW HITPOINT WARNING * * *
The ancient lich launches a ball of destructive magic.
An orb of destruction comes into view.
You are too injured to fight recklessly!
You are too injured to fight recklessly!
Unknown command.
You feel much better.
The wavering orb of destruction hits you!!!
You die...

≈≈≈≈≈##≈≈≈#.....##.(.
≈≈≈##''#.≈≈≈≈#[........)
#≈##≈≈≈#≈≈≈≈≈≈##.≈≈≈≈...
≈#≈≈≈≈#.≈≈.≈)[≈#..⌠≈≈..
#≈≈...#≈...)≈≈≈.##≈≈..
#≈≈.......≈≈≈≈##.###..
#≈≈≈.....≈≈≈≈##≈=###..
#≈##≈≈≈....##≈.#≈≈≈⌠##..
#[.#⌠≈≈@.....#.≈≈≈≈≈.###
#(.##.L☼≈...≈≈.≈≈≈≈≈≈.#
?.}.##≈≈≈..≈≈.≈≈≈≈≈≈..#
#=:. #⌠≈≈≈≈≈≈#≈≈≈≈≈≈###
#.. ###≈≈≈≈##≈≈≈≈≈≈# #.
..######≈≈≈≈≈≈.# # [:)≈
≈≈≈≈≈≈≈≈⌠## #####
####≈≈≈≈.##


You could see an ancient lich (fast).

Vanquished Creatures
  3 ancient liches (Vaults:5)
  the Lernaean hydra (Swamp:4)
  A golden dragon (Vaults:5)
  Rupert (Lair:4)
  3 tentacled monstrosities
  Jorgrun (Snake:1)
  A shard shrike skeleton (Crypt:2)
  4 liches
  2 quicksilver dragons (Vaults:5)
  3 titans (Vaults:5)
  5 deep elf blademasters
  2 ancient champions (Crypt:3)
  Kirke (Swamp:2)
  7 nagarajas (Snake:4)
  4 sphinxes
  6 tengu reavers
  Donald (Elf:3)
  5 revenants
  5 shadow dragons
  2 storm dragons
  The ghost of Plog the Eviscerator, an adept FeBe of Trog (Vaults:1)
  The ghost of Lofupn the Imperceptible, an adept SpEn of Wu Jian (Vaults:2)
  2 orc warlords (Orc:1)
  An iron dragon (Vaults:5)
  3 frost giants
  7 fire giants
  2 curse skulls
  17 vault wardens
  Aizul (Swamp:3)
  7 deep elf sorcerers
  5 ghouls
  7 deep elf elementalists
  17 ironheart preservers
  A spriggan defender (Depths:1)
  3 entropy weavers
  9 very ugly things
  A war gargoyle (Vaults:5)
  13 stone giants
  12 deep elf demonologists
  5 vampire knights
  11 deep elf annihilators
  3 spark wasps (Depths:2)
  A crystal guardian (Vaults:4)
  6 eidola
  8 deep elf death magi
  A blizzard demon (Depths:2)
  6 ettins
  16 yaktaur captains
  A spectral golden dragon (Crypt:3)
  Snorg (D:10)
  A green death (Depths:2)
  9 fire dragons
  12 jiangshi
  12 ice dragons
  Josephine (D:10)
  5 deep elf high priests
  8 rakshasas
  Fannar (Lair:2)
  A monstrous demonspawn (Depths:2)
  3 great orbs of eyes
  19 hydras
  A ghost crab (Swamp:3)
  24 naga warriors
  A spectral tengu (Vaults:1)
  31 vault guards
  A spriggan air mage (Depths:2)
  A shambling mangrove (Swamp:4)
  15 alligators
  10 centaur warriors
  2 spectral frost giants (Vaults:1)
  8 anacondas
  28 two-headed ogres
  11 dancing weapons
  2 tengu warriors
  7 death knights
  2 spectral fire giants (Vaults:1)
  10 ogre magi
  3 deep troll shamans (Depths:1)
  4 shock serpents
  A queen ant (Lair:5)
  6 vampire magi
  15 naga sharpshooters
  A deep troll earth mage (Vaults:5)
  3 orc high priests (Orc:2)
  2 spriggan berserkers (Depths:2)
  5 spriggans
  17 deep elf knights
  17 shadow wraiths
  2 soul eaters
  A salamander mystic (Snake:3)
  A spectral catoblepas (Crypt:3)
  A spectral ghost moth (Crypt:3)
  28 skeletal warriors
  A death drake (shapeshifter) (Vaults:1)
  4 unseen horrors
  2 spriggan druids
  9 deep trolls
  7 flayed ghosts
  3 glowing orange brains
  7 naga ritualists
  5 deep elf archers
  9 wizards
  Pikel (D:4)
  2 glowing orange brains (shapeshifter)
  20 ironbrand convokers
  8 swamp dragons
  A lindwurm (Lair:6)
  46 deep elf magi
  29 phantasmal warriors
  5 mana vipers
  6 harpies
  A wolf spider zombie (Crypt:3)
  A frost giant zombie (Crypt:1)
  2 necromancers
  21 orc knights
  29 ugly things
  A salamander (shapeshifter) (Depths:2)
  5 wolf spiders
  3 cyclopes
  10 orc sorcerers
  9 salamanders
  2 rust devils (Depths:2)
  8 guardian serpents
  37 black mambas
  A water nymph (shapeshifter) (D:15)
  18 naga magi
  A guardian serpent (shapeshifter) (D:15)
  18 vault sentinels
  8 elephants
  4 gargoyles
  5 torpor snails (Lair:6)
  A cane toad (shapeshifter) (Vaults:1)
  Joseph (D:7)
  A black mamba (shapeshifter) (Vaults:4)
  3 centaur skeletons
  15 cane toads
  2 ice statues (Depths:2)
  5 rime drakes
  4 komodo dragons
  Maggie (D:6)
  A kobold demonologist (D:13)
  A yaktaur (shapeshifter) (Vaults:3)
  39 yaktaurs
  A minotaur zombie (Crypt:1)
  2 efreet (D:13)
  15 freezing wraiths
  A red draconian skeleton (Crypt:2)
  A spectral deep troll (Vaults:1)
  9 trolls
  A hellwing (Depths:2)
  2 tengu conjurers
  A death drake zombie (Crypt:3)
  A jumping spider (shapeshifter) (Depths:1)
  A queen bee (shapeshifter) (Vaults:4)
  10 tyrant leeches
  3 ice devils (Depths:2)
  Prince Ribbit (D:7)
  3 meliai (D:13)
  A polar bear (shapeshifter) (Vaults:4)
  17 hornets
  14 bog bodies
  2 dream sheep (shapeshifter)
  An iron dragon simulacrum (Vaults:1)
  A raiju (shapeshifter) (Vaults:5)
  32 blink frogs
  58 slime creatures
  2 air elementals (Elf:1)
  4 hippogriffs
  A redback (Vaults:3)
  A frost giant simulacrum (Vaults:1)
  An ice dragon zombie (Crypt:3)
  23 flying skulls
  7 shadows
  5 basilisks
  5 water elementals
  15 wraiths
  A vampire (D:10)
  22 humans
  7 wyverns
  34 yaks
  A wind drake skeleton (Crypt:2)
  A basilisk (shapeshifter) (Vaults:2)
  2 elf simulacra
  4 fire elementals (Elf:1)
  8 vampire mosquitoes
  A hog (Swamp:2)
  5 steam dragons
  Menkaure (D:6)
  84 nagas
  5 wargs
  A naga (shapeshifter) (Vaults:1)
  11 soldier ants
  An acid dragon (shapeshifter) (D:15)
  4 acid dragons
  19 swamp worms
  14 water moccasins
  A floating eye (shapeshifter) (Vaults:1)
  11 porcupines
  A porcupine (shapeshifter) (Depths:2)
  68 orc warriors
  23 swamp drakes
  7 black bears
  An ettin simulacrum (Vaults:1)
  2 phantoms
  8 ice beasts
  5 necrophages
  4 sky beasts
  An ogre (shapeshifter) (Depths:2)
  43 ogres
  7 boggarts (Depths:1)
  14 centaurs
  An eye of draining (shapeshifter) (D:13)
  2 eyes of draining
  16 crocodiles
  3 lemures (D:4)
  A rime drake skeleton (Crypt:2)
  2 big kobolds (D:11)
  8 bullfrogs
  A hippogriff zombie (Crypt:1)
  5 scorpions
  2 human simulacra (Vaults:1)
  A spriggan skeleton (Crypt:3)
  6 killer bees (D:8)
  17 wights
  9 howler monkeys
  7 centaur zombies
  10 crimson imps
  4 bullfrog zombies
  4 jellies
  2 quasits
  34 orc priests
  4 bullfrog skeletons
  A hound (shapeshifter) (Depths:1)
  6 hounds
  10 iguanas
  A demonspawn skeleton (Crypt:3)
  37 orc wizards
  20 worker ants
  5 hell rats (Lair:5)
  2 polar bear simulacra (Lair:6)
  2 yak simulacra (Lair:6)
  3 wolf simulacra (Lair:6)
  A tengu zombie (Crypt:2)
  A deep dwarf zombie (Crypt:1)
  A demigod skeleton (Crypt:2)
  A felid skeleton (Crypt:3)
  2 naga skeletons
  A hound skeleton (D:9)
  3 hound zombies
  2 worker ant zombies
  Robin (D:4)
  23 gnolls
  A swamp drake zombie (Crypt:3)
  10 adders
  3 shadow imps
  6 white imps
  An ufetubus (D:9)
  3 oozes
  An iguana zombie (Crypt:1)
  5 worms
  A barachi skeleton (Crypt:3)
  4 dart slugs
  7 leopard geckos
  114 orcs
  A ball python (D:5)
  7 bats (D:1)
  4 giant cockroaches
  13 goblins
  18 hobgoblins
  10 jackals
  4 quokkas
  3 frilled lizards
  A frilled lizard zombie (Crypt:2)
  A giant cockroach zombie (Crypt:1)
  A goblin zombie (Crypt:1)
  24 kobolds
  A quokka skeleton (D:9)
  10 rats
  4 river rat simulacra (Lair:6)
  A butterfly (Lair:4)
  A fungus (Lair:6)
  4 plants (Lair:6)
2173 creatures vanquished.

Vanquished Creatures (collateral kills)
  An orc knight (Vaults:2)
  An orc (Vaults:2)
2 creatures vanquished.

Vanquished Creatures (others)
  A deep elf elementalist (Elf:3)
  A deep elf mage (Vaults:3)
  A guardian serpent (Snake:4)
  A human (Swamp:2)
  An orc (Vaults:4)
  10 fire vortices
  49 fungi
  15 plants
79 creatures vanquished.

Grand Total: 2254 creatures vanquished

Notes
Turn   | Place    | Note
-------+----------+-------------------------------------------
     0 | D:1      | Zarlindeir the Gargoyle Earth Elementalist began the quest
                  | for the Orb.
     0 | D:1      | Reached XP level 1. HP: 10/10 MP: 3/3
   126 | D:1      | Reached XP level 2. HP: 13/15 MP: 5/5
   172 | D:1      | Reached skill level 4 in Earth Magic
   805 | D:1      | Reached XP level 3. HP: 15/19 MP: 7/7
   810 | D:1      | Learned a level 3 spell: Stone Arrow
  1883 | D:2      | Found a sacrificial altar of Ru.
  1948 | D:2      | Reached skill level 1 in Conjurations
  2129 | D:2      | Reached XP level 4. HP: 24/24 MP: 8/8
  2721 | D:3      | Gained mutation: Your flesh is cold resistant. (rC+)
                  | [potion of mutation]
  2721 | D:3      | Gained mutation: Your flesh is very cold resistant. (rC++)
                  | [potion of mutation]
  3028 | D:3      | Reached skill level 5 in Earth Magic
  3028 | D:3      | Reached XP level 5. HP: 16/28 MP: 6/9
  3037 | D:3      | Learned a level 5 spell: Lee's Rapid Deconstruction
  3215 | D:3      | Found a faded altar of an unknown god.
  3241 | D:3      | Found a burning altar of Makhleb.
  3629 | D:3      | Found a snail-covered altar of Cheibriados.
  3646 | D:3      | Reached XP level 6. HP: 29/32 MP: 11/11
  3874 | D:3      | Found a glowing silver altar of Zin.
  3877 | D:3      | Noticed a cacodemon
  3877 | D:3      | Noticed an angel
  4285 | D:4      | Noticed Pikel
  4293 | D:4      | Reached skill level 6 in Earth Magic
  4339 | D:4      | Killed Pikel
  4339 | D:4      | Reached skill level 5 in Spellcasting
  4339 | D:4      | Reached skill level 5 in Conjurations
  4339 | D:4      | Reached skill level 7 in Earth Magic
  4339 | D:4      | Reached XP level 7. HP: 13/36 MP: 0/14
  4339 | D:4      | Reached XP level 8. HP: 15/41 MP: 0/15
  4715 | D:4      | Found a stormy altar of Qazlal.
  4823 | D:4      | Reached skill level 1 in Fighting
  4823 | D:4      | Reached skill level 1 in Armour
  4900 | D:4      | Noticed Robin
  4903 | D:4      | Killed Robin
  4918 | D:4      | Reached skill level 1 in Maces & Flails
  5076 | D:4      | Found a glowing golden altar of the Shining One.
  5076 | D:4      | Found an ancient bone altar of Kikubaaqudgha.
  5279 | D:5      | Entered Level 5 of the Dungeon
  5356 | D:5      | Found a shimmering altar of Xom.
  5523 | D:5      | Reached skill level 1 in Evocations
  5899 | D:5      | Paralysed by a crimson imp for 3 turns
  6049 | D:6      | Noticed Maggie
  6070 | D:6      | Killed Maggie
  6070 | D:6      | Reached skill level 8 in Earth Magic
  6070 | D:6      | Reached XP level 9. HP: 35/49 MP: 7/17
  6682 | D:6      | Found a staircase to the Ecumenical Temple.
  6702 | Temple   | Entered the Ecumenical Temple
  6755 | Temple   | Became a worshipper of Vehumet
  6772 | D:6      | Noticed Menkaure
  6778 | D:6      | Killed Menkaure
  6838 | D:6      | Found a stormy altar of Qazlal.
  6899 | D:6      | Found Etwim's Antique Weapon Boutique.
  7305 | D:7      | Reached XP level 10. HP: 56/56 MP: 10/19
  7386 | D:7      | Found a flagged portal.
  7395 | Bailey   | Entered a bailey
  7487 | Bailey   | Reached * piety under Vehumet
  7487 | Bailey   | Offered knowledge of Magic Dart by Vehumet.
  7727 | Bailey   | Identified a scroll of acquirement
  7727 | Bailey   | Acquired 520 gold pieces
  8039 | D:7      | Noticed Prince Ribbit
  8049 | D:7      | Killed Prince Ribbit
  8255 | D:7      | Noticed Joseph
  8256 | D:7      | Offered knowledge of Foxfire by Vehumet.
  8271 | D:7      | Reached ** piety under Vehumet
  8288 | D:7      | Killed Joseph
  8460 | D:7      | Reached skill level 9 in Earth Magic
  9248 | D:8      | Noticed a two-headed ogre
  9254 | D:8      | Killed a two-headed ogre
  9588 | D:8      | Reached skill level 5 in Fighting
  9656 | D:8      | Reached skill level 5 in Armour
  9688 | D:8      | Reached XP level 11. HP: 62/63 MP: 16/21
  9874 | D:8      | Reached skill level 5 in Maces & Flails
 10031 | D:8      | Offered knowledge of Dazzling Flash by Vehumet.
 10189 | D:9      | Noticed a two-headed ogre
 10196 | D:9      | Killed a two-headed ogre
 10391 | D:9      | Reached *** piety under Vehumet
 10590 | D:9      | Found a large runed translucent door.
 10590 | D:9      | Found a large runed translucent door.
 10627 | D:9      | Found a large runed translucent door.
 10627 | D:9      | Found a large runed translucent door.
 10781 | D:9      | Found an ornate altar of the Wu Jian Council.
 11177 | D:9      | Offered knowledge of Airstrike by Vehumet.
 11290 | D:10     | Entered Level 10 of the Dungeon
 11797 | D:10     | Reached **** piety under Vehumet
 11806 | D:10     | Offered knowledge of Iskenderun's Mystic Blast by Vehumet.
 11912 | D:10     | Noticed Josephine
 11917 | D:10     | Killed Josephine
 11917 | D:10     | Reached skill level 10 in Earth Magic
 11917 | D:10     | Reached skill level 5 in Evocations
 12019 | D:10     | Found a staircase to the Lair.
 12055 | D:10     | Reached skill level 5 in Dodging
 12137 | D:10     | Killed an unseen horror
 12621 | D:10     | Reached XP level 12. HP: 71/71 MP: 11/23
 12624 | D:10     | Noticed Snorg
 12640 | D:10     | Killed Snorg
 12867 | D:11     | Got a pair of polished boots
 12873 | D:11     | Identified the +2 pair of boots of Ophar {*Contam rF+ rC+
                  | Int+4} (You found it on level 11 of the Dungeon)
 13247 | D:11     | Found a staircase to the Orcish Mines.
 14079 | D:12     | Reached ***** piety under Vehumet
 14250 | D:12     | Offered knowledge of Freezing Cloud by Vehumet.
 14374 | D:12     | You fall into a shaft and drop 1 floor!
 14378 | D:13     | Found Lagorgh's Distillery.
 14389 | D:13     | Bought a potion of might for 68 gold pieces
 14389 | D:13     | Bought a potion of haste for 170 gold pieces
 14389 | D:13     | Bought a potion of ambrosia for 136 gold pieces
 14389 | D:13     | Bought a potion of invisibility for 136 gold pieces
 14625 | D:13     | Found a blossoming altar of Fedhas.
 14625 | D:13     | Noticed a two-headed ogre
 15285 | D:12     | Reached skill level 11 in Earth Magic
 15595 | D:12     | Found a runed translucent door.
 15595 | D:12     | Found a shimmering altar of Xom.
 15595 | D:12     | Noticed hofbold's ghost (journeyman KoDe)
 15786 | D:13     | Found Vaog's Antique Armour Boutique.
 15801 | D:13     | Bought a glowing cloak for 217 gold pieces
 15841 | D:13     | Noticed a centaur warrior
 15852 | D:13     | Killed a centaur warrior
 15854 | D:13     | Noticed a centaur warrior
 15866 | D:13     | Killed a centaur warrior
 15866 | D:13     | Reached XP level 13. HP: 74/78 MP: 25/25
 15873 | D:13     | Found Osiasir's Book Emporium.
 15904 | D:13     | Found Hist's Gadget Boutique.
 16003 | D:13     | Found a runed translucent door.
 16643 | D:13     | Reached skill level 10 in Conjurations
 17021 | D:13     | Found Ahunwey's Magic Scroll Emporium.
 17025 | D:13     | Bought a scroll of enchant armour for 120 gold pieces
 17025 | D:13     | Bought a scroll of enchant armour for 120 gold pieces
 17025 | D:13     | Bought a scroll of blinking for 120 gold pieces
 17025 | D:13     | Bought a scroll of identify for 32 gold pieces
 17025 | D:13     | Bought a scroll of identify for 32 gold pieces
 17025 | D:13     | Bought 3 scrolls of teleportation for 144 gold pieces
 17025 | D:13     | Bought a scroll of teleportation for 48 gold pieces
 17025 | D:13     | Bought a scroll of magic mapping for 56 gold pieces
 17313 | D:14     | Offered knowledge of Orb of Destruction by Vehumet.
 17581 | D:14     | Noticed a vault guard
 17581 | D:14     | Noticed a vault guard
 17595 | D:14     | Killed a vault guard
 17597 | D:14     | Killed a vault guard
 17597 | D:14     | Reached skill level 12 in Earth Magic
 17680 | D:14     | Noticed a vault guard
 17748 | D:14     | Killed a vault guard
 18029 | D:14     | Found a gate to the Vaults.
 18199 | D:14     | Gained mutation: Your large and strong wings let you fly
                  | indefinitely. [Gargoyle growth]
 18199 | D:14     | Reached XP level 14. HP: 86/86 MP: 25/27
 18544 | Lair:1   | Entered Level 1 of the Lair of Beasts
 18866 | Lair:1   | Found a bloodstained altar of Trog.
 19498 | Lair:2   | Noticed Fannar
 19504 | Lair:2   | Killed Fannar
 19837 | Lair:2   | Learned a level 7 spell: Orb of Destruction
 20312 | Lair:2   | Found a staircase to the Snake Pit.
 20878 | Lair:3   | Found a staircase to the Swamp.
 21292 | Lair:4   | Noticed Rupert
 21302 | Lair:4   | Killed Rupert
 21757 | Lair:4   | Learned a level 5 spell: Fireball
 22378 | Lair:5   | Reached skill level 10 in Spellcasting
 22378 | Lair:5   | Reached skill level 1 in Fire Magic
 22468 | Lair:5   | Reached skill level 10 in Fighting
 22531 | Lair:5   | Noticed an entropy weaver
 22555 | Lair:5   | Killed an entropy weaver
 22576 | Lair:5   | Noticed an entropy weaver
 22590 | Lair:5   | Offered knowledge of Iskenderun's Battlesphere by Vehumet.
 22595 | Lair:5   | Killed an entropy weaver
 22603 | Lair:5   | Reached skill level 13 in Earth Magic
 22790 | Lair:5   | Reached XP level 15. HP: 92/92 MP: 29/29
 22826 | Lair:5   | Found a staircase to the Slime Pits.
 22895 | Lair:5   | Acquired the amulet "Plog" {Acrobat rF+ MR++}
 23405 | Lair:6   | Entered Level 6 of the Lair of Beasts
 24097 | Lair:6   | Learned a level 6 spell: Starburst
 24608 | Lair:6   | Offered knowledge of Bolt of Magma by Vehumet.
 25436 | Lair:6   | Found a runed translucent door.
 25813 | Lair:6   | Reached skill level 5 in Fire Magic
 25820 | Lair:6   | Reached skill level 10 in Maces & Flails
 26077 | Lair:6   | Identified the cursed +0 helmet of Pan-Flutes {Dex+5} (You
                  | found it on level 6 of the Lair of Beasts)
 26264 | Orc:1    | Entered Level 1 of the Orcish Mines
 26479 | Orc:2    | Entered Level 2 of the Orcish Mines
 26787 | Orc:2    | Noticed an orc warlord
 27048 | Orc:1    | Killed an orc warlord
 27048 | Orc:1    | Offered knowledge of Iron Shot by Vehumet.
 27057 | Orc:1    | Learned a level 6 spell: Iron Shot
 27521 | Orc:1    | Found Denun's Distillery.
 27545 | Orc:1    | Bought a potion of curing for 42 gold pieces
 27545 | Orc:1    | Bought a potion of invisibility for 112 gold pieces
 27545 | Orc:1    | Bought a potion of haste for 140 gold pieces
 27545 | Orc:1    | Bought a potion of might for 56 gold pieces
 27545 | Orc:1    | Bought a potion of magic for 112 gold pieces
 27545 | Orc:1    | Bought a potion of curing for 42 gold pieces
 27545 | Orc:1    | Bought a potion of heal wounds for 70 gold pieces
 27545 | Orc:1    | Bought a potion of haste for 140 gold pieces
 27545 | Orc:1    | Bought a potion of heal wounds for 70 gold pieces
 27545 | Orc:1    | Bought a potion of heal wounds for 70 gold pieces
 27915 | Orc:2    | Found Kung's Armour Shop.
 28394 | Orc:2    | Found Epucahota's Antique Armour Shoppe.
 28395 | Orc:2    | Found Fisea's Antique Weapon Shoppe.
 28396 | Orc:2    | Found Telon's General Store.
 28396 | Orc:2    | Found Wiehogo's Jewellery Emporium.
 28711 | Orc:2    | Reached XP level 16. HP: 99/99 MP: 11/30
 28729 | Orc:2    | Offered knowledge of Ozocubu's Refrigeration by Vehumet.
 28836 | Orc:2    | Found a roughly hewn altar of Beogh.
 28855 | Orc:2    | Found a staircase to the Elven Halls.
 29122 | Orc:2    | Bought a robe for 17 gold pieces
 29123 | Orc:2    | Bought a dazzling cloak for 237 gold pieces
 29123 | Orc:2    | Identified the cursed +0 cloak of Viny Amelioration {-Cast
                  | MR++} (You bought it in a shop on level 2 of the Orcish
                  | Mines)
 29137 | Orc:2    | Bought a +6 ring of intelligence for 643 gold pieces
 29645 | D:15     | Entered Level 15 of the Dungeon
 29865 | D:15     | Found a staircase to the Depths.
 29998 | D:15     | Found a shimmering blue altar of Sif Muna.
 30455 | D:15     | Found an opulent altar of Gozag.
 30964 | D:15     | Upgraded the game from 0.26-a0-365-g11c2b627af to
                  | 0.26-a0-376-g13fbb91ece
 31092 | Elf:1    | Entered Level 1 of the Elven Halls
 31106 | Elf:1    | Acquired the +0 cloak of Indomitability {rF+ SInv Stlth+}
 31307 | Elf:1    | Reached skill level 14 in Earth Magic
 32013 | Elf:1    | Found Lutsaimm's General Store.
 32017 | Elf:1    | Bought a potion of curing for 51 gold pieces
 32352 | Elf:1    | Found an ancient bone altar of Kikubaaqudgha.
 32397 | Elf:1    | Noticed a deep elf blademaster
 32398 | Elf:1    | Identified the +6 quarterstaff of Juri {vorpal, *Rage +Rage
                  | MP+9}
 32401 | Elf:1    | Killed a deep elf blademaster
 32411 | Elf:1    | Reached ****** piety under Vehumet
 32557 | Elf:1    | Found a runed translucent gate.
 32557 | Elf:1    | Found a runed translucent gate.
 32557 | Elf:1    | Found a runed translucent gate.
 32557 | Elf:1    | Found a runed translucent gate.
 32557 | Elf:1    | Found a runed translucent gate.
 32558 | Elf:1    | Noticed a storm dragon
 32559 | Elf:1    | Found a runed translucent gate.
 32751 | Elf:2    | Found Xokhihiem's Magic Scroll Shoppe.
 32775 | Elf:2    | Found a flickering gateway to a bazaar.
 32784 | Bazaar   | Entered a bazaar
 32785 | Bazaar   | Found Daamis's General Store.
 32800 | Bazaar   | Found Hangustru's Book Shop.
 32804 | Bazaar   | Found Azxuh's Jewellery Emporium.
 32810 | Bazaar   | Found Guxi's Armour Shoppe.
 32815 | Bazaar   | Found Kepradui's Gadget Boutique.
 32854 | Bazaar   | Bought a potion of curing for 42 gold pieces
 32854 | Bazaar   | Bought a scroll of teleportation for 42 gold pieces
 32854 | Bazaar   | Bought a scroll of magic mapping for 49 gold pieces
 32921 | Elf:2    | Found a huge runed translucent gate.
 32921 | Elf:2    | Found a huge runed translucent gate.
 32921 | Elf:2    | Found a huge runed translucent gate.
 33030 | Elf:2    | Found a huge runed translucent gate.
 33031 | Elf:2    | Found a huge runed translucent gate.
 33107 | Elf:2    | Bought a scroll of teleportation for 42 gold pieces
 33107 | Elf:2    | Bought a scroll of identify for 28 gold pieces
 33107 | Elf:2    | Bought a scroll of identify for 28 gold pieces
 33126 | Elf:2    | Reached XP level 17. HP: 105/106 MP: 32/32
 33143 | Elf:2    | Found an ancient bone altar of Kikubaaqudgha.
 33669 | Elf:3    | Entered Level 3 of the Elven Halls
 33669 | Elf:3    | Noticed Donald
 33672 | Elf:3    | Killed Donald
 34059 | Elf:3    | Offered knowledge of Conjure Ball Lightning by Vehumet.
 34467 | Elf:3    | Noticed a deep elf blademaster
 34474 | Elf:3    | Noticed a deep elf blademaster
 34476 | Elf:3    | Killed a deep elf blademaster
 34485 | Elf:3    | Killed a deep elf blademaster
 34486 | Elf:3    | Noticed a deep elf blademaster
 34490 | Elf:3    | Noticed an Executioner
 34490 | Elf:3    | Noticed a deep elf blademaster
 34493 | Elf:3    | Reached skill level 10 in Fire Magic
 34493 | Elf:3    | Killed a deep elf blademaster
 34495 | Elf:3    | Reached skill level 10 in Dodging
 34497 | Elf:3    | Killed a deep elf blademaster
 34507 | Elf:3    | Identified the +2 rapier of Experimentation {vorpal,
                  | *Contam +Rage +Fly Int+5}
 34507 | Elf:3    | Identified the ring "Ishraogyiv" {Str+7 Stlth-}
 34527 | Elf:3    | Reached skill level 15 in Earth Magic
 34655 | Elf:3    | Reached XP level 18. HP: 88/112 MP: 24/33
 36058 | Swamp:1  | Entered Level 1 of the Swamp
 37430 | Swamp:2  | Offered knowledge of Lehudib's Crystal Spear by Vehumet.
 37430 | Swamp:2  | Offered knowledge of Fire Storm by Vehumet.
 37430 | Swamp:2  | Offered knowledge of Chain Lightning by Vehumet.
 38082 | Swamp:2  | Noticed Kirke
 38086 | Swamp:2  | Killed Kirke
 39200 | Swamp:3  | Noticed Aizul
 39207 | Swamp:3  | Killed Aizul
 40024 | Snake:1  | Entered Level 1 of the Snake Pit
 40231 | Snake:1  | Found Zyikh's Armour Boutique.
 40404 | Snake:1  | Noticed Jorgrun
 40409 | Snake:1  | Killed Jorgrun
 41172 | Snake:1  | Reached XP level 19. HP: 118/119 MP: 27/35
 41477 | Snake:1  | Learned a level 8 spell: Ignition
 42026 | Snake:2  | Identified the cursed +0 leather armour of Qynux {rC++
                  | rCorr} (You found it on level 2 of the Snake Pit)
 44230 | Snake:4  | Entered Level 4 of the Snake Pit
 44321 | Snake:4  | Identified the +2 buckler of Emew {Slay+5 Stlth+} (You
                  | found it on level 4 of the Snake Pit)
 44757 | Snake:4  | Reached skill level 1 in Shields
 45363 | Snake:4  | Reached skill level 16 in Earth Magic
 45943 | Snake:4  | Got a serpentine rune of Zot
 46191 | Snake:4  | Reached XP level 20. HP: 108/126 MP: 23/36
 47227 | Swamp:4  | Entered Level 4 of the Swamp
 47806 | Swamp:4  | Noticed the 27-headed Lernaean hydra
 47814 | Swamp:4  | Killed the 27-headed Lernaean hydra
 48065 | Swamp:4  | Got a decaying rune of Zot
 48851 | Vaults:1 | Entered Level 1 of the Vaults
 50057 | Vaults:1 | Reached skill level 15 in Conjurations
 50107 | Vaults:1 | Found a runed translucent gate.
 50113 | Vaults:1 | Found a runed translucent gate.
 50113 | Vaults:1 | Found a runed translucent gate.
 50120 | Vaults:1 | Noticed Plog's ghost (adept FeBe)
 50128 | Vaults:1 | Killed Plog's ghost
 50244 | Vaults:1 | Reached XP level 21. HP: 121/132 MP: 38/38
 50650 | Vaults:1 | Identified the +6 flail of the Extremes {pain, rElec rC+
                  | Int+4} (You found it on level 1 of the Vaults)
 51038 | Vaults:2 | Found Mauzeato's Assorted Antiques.
 51352 | Vaults:2 | Reached skill level 17 in Earth Magic
 51629 | Vaults:2 | Found a runed translucent door.
 51629 | Vaults:2 | Noticed Lofupn's ghost (adept SpEn)
 51638 | Vaults:2 | Killed Lofupn's ghost
 51652 | Vaults:2 | Acquired a +2 eveningstar of protection
 52389 | Vaults:3 | Found a runed translucent gate.
 52389 | Vaults:3 | Found a runed translucent gate.
 52393 | Vaults:3 | Found a runed translucent gate.
 52395 | Vaults:3 | Noticed Owio's ghost (adept MiGl)
 53132 | Vaults:3 | Found a staircase to the Crypt.
 53132 | Vaults:3 | Found a basalt altar of Yredelemnul.
 53133 | Vaults:3 | Found an ancient bone altar of Kikubaaqudgha.
 53326 | Vaults:3 | You are sucked into a shaft and drop 1 floor!
 53478 | Vaults:4 | Reached skill level 15 in Fire Magic
 54165 | Vaults:3 | Reached XP level 22. HP: 139/139 MP: 31/39
 54377 | Vaults:3 | Reached skill level 15 in Fighting
 54925 | Vaults:4 | Identified the Almanac of Dark Secrets
 55802 | Vaults:5 | Entered Level 5 of the Vaults
 55828 | Vaults:4 | Learned a level 9 spell: Shatter
 55849 | Vaults:5 | Noticed an ancient lich
 55852 | Vaults:5 | Killed an ancient lich
 55852 | Vaults:5 | Reached XP level 23. HP: 87/145 MP: 31/41
 56336 | Vaults:5 | Noticed an ancient lich
 56338 | Vaults:5 | Noticed an ancient lich
 56342 | Vaults:4 | Reached skill level 18 in Earth Magic
 56405 | Vaults:5 | Killed an ancient lich
 56405 | Vaults:5 | Killed an ancient lich
 57325 | Vaults:5 | Reached skill level 15 in Maces & Flails
 57493 | Vaults:5 | Noticed a golden dragon
 57499 | Vaults:5 | Killed a golden dragon
 57807 | Vaults:5 | Got a silver rune of Zot
 58069 | Vaults:5 | Got a shimmering lead ring
 58070 | Vaults:5 | Identified the ring "Passatha" {*Tele *Slow rElec Str+4}
                  | (You found it on level 5 of the Vaults)
 58851 | Crypt:1  | Entered Level 1 of the Crypt
 58860 | Crypt:1  | Reached XP level 24. HP: 145/152 MP: 26/41
 60716 | Crypt:3  | Entered Level 3 of the Crypt
 61016 | Crypt:3  | Reached skill level 15 in Spellcasting
 61338 | Crypt:3  | Found a staircase to the Tomb.
 61571 | Crypt:3  | Identified Piew's Papyrus of Hurtful Snow
 62097 | Crypt:3  | Found an ancient bone altar of Kikubaaqudgha.
 62181 | Crypt:3  | Reached skill level 19 in Earth Magic
 62335 | Crypt:3  | Found the +8 glaive of the Guard {elec, +Rage AC+5 SInv}
 62480 | Crypt:3  | Reached XP level 25. HP: 146/159 MP: 33/42
 62963 | D:15     | Upgraded the game from 0.26-a0-376-g13fbb91ece to
                  | 0.26-a0-415-g2a9615731a
 62978 | Depths:1 | Entered Level 1 of the Depths
 63040 | Depths:1 | Found a one-way gate to the infinite horrors of the Abyss.
 63051 | Depths:1 | Learned a level 9 spell: Fire Storm
 63888 | Depths:1 | You are sucked into a shaft and drop 1 floor!
 64728 | Depths:1 | Found a gateway to Hell.
 65475 | Depths:2 | Found a one-way gate leading to the halls of Pandemonium.
 65593 | Depths:2 | Noticed an ancient lich
 65641 | Depths:2 | Identified the ring of Ustrutecuo {rF+ Stlth-}
 65695 | Depths:2 | Blown up by an ancient lich

Illustrated notes

Levels and vault maps discovered:
D:1:      wheals_arrival_linesprint, layout_loops_ring, chequers_big_river
D:2:      layout_loops_ring, nicolae_ru_path_of_blood, corner_web_ring,
          grunt_ministairs_14
D:3:      layout_basic, grunt_temple_overflow_order_and_chaos_2,
          kennysheep_slug_shrine, chequers_ecumenical_altar_simple_redux,
          chequers_serial_rivers_micro_a
D:4:      layout_loops_ring, lemuel_round_altar, gammafunk_temple_overflow_wave,
          uniq_pikel, uniq_robin
D:5:      layout_rooms, st_stairs_12, minmay_fountain_box,
          kennysheep_nondescript, led_xom_imps
D:6:      layout_rooms, minmay_temple_entry_stoned_glass, serial_shops, shop,
          nicolae_qazlal_general_emergency, uniq_maggie, uniq_menkaure
D:7:      layout_basic, enter_bailey_2, minmay_nine_imps, uniq_joseph,
          uniq_prince_ribbit1
D:8:      layout_gridville
D:9:      layout_loops_ring, marbit_many_paths, minmay_hollow_rounded_squares
D:10:     layout_loops_ring, due_lair_maze_entry_diamond, kennysheep_dice,
          uniq_josephine, uniq_snorg
D:11:     layout_grid_maze, orc_0_dummy, minmay_misc_feat_plants
D:12:     layout_basic, ebering_ghost_xom, small_statue_intersection,
          minmay_quadrilaterals
D:13:     minmay_the_grid_triangle_9x9_recursive_3_mashed
          [minmay_the_grid_triangle_9x9_odd_lines,
          minmay_the_grid_triangle_9x9_swiss_cheese,
          minmay_the_grid_triangle_9x9_windchime,
          minmay_the_grid_triangle_9x9_prize_center,
          minmay_the_grid_triangle_9x9_warning,
          minmay_the_grid_triangle_9x9_shrine,
          minmay_the_grid_triangle_9x9_minimal,
          minmay_the_grid_triangle_9x9_semitri,
          minmay_the_grid_triangle_9x9_subtriangle], layout_loops_ring,
          serial_shops, nicolae_shop_behind_doors, nicolae_shop_trees,
          shop_fountains, nicolae_shop_window_shopping, nicolae_shop_trees
D:14:     layout_rooms, grunt_vaults_entry_tiered, roderic_serpentine_path
D:15:     gammafunk_enter_depths_forms, layout_layer_cave, basic_altar,
          serial_park_square1 [serial_park_minivault_5x5_6],
          grunt_gozag_breadcrumbs
Temple:   nicolae_temple_great_sept
Lair:1:   layout_loops_ring, basic_altar, serial_bayou_pond_d
Lair:2:   layout_long_grid, minmay_snake_entry_guardpost_small,
          minmay_lair_oklob_chamber, uniq_fannar
Lair:3:   layout_gridlike, swamp_mist
Lair:4:   layout_small_grid, st_stairs_8, lemuel_fruit_fields,
          grunt_megastairs_2, serial_bayou_shore_a, infiniplex_staircase_pool,
          serial_bayou_shore_b, uniq_rupert
Lair:5:   layout_cave_shapes, nicolae_slime_entry_slimehenge, minmay_holes,
          minmay_another_anthill
Lair:6:   wormcave, layout_cave_pods, guppyfry_lair_end_dragon,
          eino_house_with_fridge
Swamp:1:  layout_basic_swamp, evilmike_swamp_ruin_house_2
Swamp:2:  layout_basic_swamp, nicolae_swamp_feature_on_the_river_bank,
          swamp_pool3, hangedman_swamp_blocks, st_swamp_ruins_1, uniq_kirke
Swamp:3:  layout_basic_swamp, nicolae_swamp_round_clearing, uniq_aizul
Swamp:4:  swamp_basic_johnstein, layout_basic_swamp, serial_swamp_ruin,
          evilmike_swamp_ruin_house_6, hangedman_swamp_ruin_hall,
          evilmike_swamp_ruin_house_3, swamp_pool5
Snake:1:  layout_layer_cave, serial_shops, shop, st_stairs_8, uniq_jorgrun
Snake:2:  layout_layer_cave
Snake:3:  layout_misc_corridors
Snake:4:  grunt_snake_rune_spirals, layout_onion_interference
Orc:1:    layout_caves, serial_shops, shop_fountains, nicolae_orc_lava_room
Orc:2:    st_orc_congregation, layout_caves, basic_altar, serial_shops,
          nicolae_shop_temple_entry_statues_fountains
Elf:1:    eino_elf_arrival_sip, layout_geoelf_grid, serial_shops, shop,
          basic_altar, orc_legates
Elf:2:    layout_geoelf_diagonals, serial_shops, bzr_in_the_mist, shop,
          basic_altar, solitary_fountain
Elf:3:    minmay_elf_hall_hex, layout_gridlike, uniq_donald
Vaults:1: gammafunk_vaults_ghost_necromancy, vaults_standard_mumra_lines,
          grunt_vaults_funnel, v_misc_10, v_misc_25, nicolae_vaults_theta,
          nicolae_vaults_three_branches, vaults_room_semicircle,
          vaults_room_semicircle, vaults_room_octagon,
          nicolae_vaults_little_squares_5, layout_vaults_omnicross
Vaults:2: ebering_vaults_ghost_inner_flame, ontoclasm_vaults_eye,
          nicolae_vaults_shelves_hall, st_eye,
          hangedman_vaults_stretched_pinwheel, hangedman_vaults_cutoff,
          nicolae_vaults_little_squares_4, vaults_room_grunt_arrival_ludios,
          layout_vaults_chaotic_city, serial_shops, shop_statue
Vaults:3: gammafunk_vaults_ghost_fury_of_okawaru, nicolae_vaults_angled_halls,
          hangedman_vaults_capsules, v_misc_25, minmay_crypt_entry_necro_gods,
          hangedman_vaults_corner_blocks, vaults_room_semicircle,
          ontoclasm_vaults_decontamination, hangedman_vaults_maws,
          nicolae_vaults_theta, vaults_dpeg_encased_lava, hangedman_vaults_maws,
          v_misc_8, vaults_room_ringed_pool,
          vaults_standard_mumra_enter_the_diamond, ontoclasm_vaults_ring_small,
          hangedman_vaults_stagger, ontoclasm_vaults_shout,
          nicolae_vaults_little_squares_3, layout_vaults_omnibox
Vaults:4: grunt_vaults_hallway_long, ontoclasm_vaults_ring_large,
          nicolae_vaults_little_ls, v_rooms_4, nicolae_vaults_yaktaur_gun_rack,
          hangedman_vaults_snaps, nicolae_vaults_lopsided_apartments,
          nicolae_vaults_angled_halls, nicolae_vaults_network_s, serial_ice_g,
          v_rooms_3, v_misc_22, ontoclasm_vaults_shuriken,
          hangedman_vaults_locks, vaults_mumra_lcd, layout_vaults_maze
Vaults:5
Crypt:1:  layout_regular_city, st_stairs_8
Crypt:2:  layout_rooms
Crypt:3:  church_of_pain_bobbens, layout_chaotic_city,
          nicolae_tomb_entry_rubble_hallway
Depths:1: layout_roguey, pf_vacation_house_of_asmodeus, serial_curves,
          eino_curves_04, eino_curves_02, hangedman_abyss_entry_splay,
          minmay_misc_feat_diagonals, dispersion_dpeg
Depths:2: cheibrodos_cascadia, layout_long_grid, hangedman_decor_growths,
          hell_entry, rand_demon_pan_entry_4, abyss_entry,
          infiniplex_staircase_zigzag_1

Skill      XL: |  1  2  3  4  5  6  7  8  9 10 11 12 13 14 15 16 17 18 19 20 21 22 23 24 25 |
---------------+----------------------------------------------------------------------------+-----
Earth Magic    | 4 5 7 8 9 10 11 12 13 14 15 16 17 18 19 | 19.4
Conjurations   | 1 2 5 6 7 8 9 10 11 12 13 14 15 16 17 | 17.7
Spellcasting   | 3 5 6 7 8 9 10 11 12 13 14 15 | 15.5
Fighting       | 2 3 5 6 7 9 10 11 12 13 14 15 16 17 | 17.1
Armour         | 2 3 5 6 |  6.0
Maces & Flails | 2 3 4 6 7 8 9 10 11 12 13 14 15 16 | 16.0
Evocations     | 2 3 4 5 6 |  6.0
Dodging        | 2 3 4 5 6 7 8 9 10 11 12 13 | 13.9
Fire Magic     | 3 6 8 10 11 13 14 15 16 17 18 | 18.7
Shields        | 2 4 |  4.0
Stealth        | |  2.1
Transmutations | |  0.7

Action                   |  1- 3 |  4- 6 |  7- 9 | 10-12 | 13-15 | 16-18 | 19-21 | 22-24 | 25-27 || total
-------------------------+-------+-------+-------+-------+-------+-------+-------+-------+-------++-------
Melee: Mace              |     8 |       |       |       |       |       |       |       |       ||     8
       Short sword       |   100 |    87 |       |       |       |       |       |       |       ||   187
       Whip              |       |       |   256 |   670 |  1314 |   714 |   231 |       |       ||  3185
       Morningstar       |       |       |       |       |       |       |   677 |       |       ||   677
       Eveningstar       |       |       |       |       |       |       |   176 |   573 |   265 ||  1014
 Cast: Sandblast         |    15 |    37 |    49 |   138 |   215 |     5 |     6 |     1 |     1 ||   467
       Stone Arrow       |       |     1 |     1 |    22 |    13 |       |       |       |       ||    37
       Lee's Rapid Decon |       |     1 |     6 |    34 |    70 |    45 |    12 |    17 |     2 ||   187
       Orb of Destructio |       |       |       |       |    19 |       |       |       |       ||    19
       Starburst         |       |       |       |       |    22 |    56 |    33 |     6 |       ||   117
       Iron Shot         |       |       |       |       |    19 |   109 |   108 |    86 |    40 ||   362
       Fireball          |       |       |       |       |     2 |    29 |    10 |     4 |       ||    45
       Ignition          |       |       |       |       |       |       |    62 |    45 |     8 ||   115
       Shatter           |       |       |       |       |       |       |       |    39 |    18 ||    57
       Fire Storm        |       |       |       |       |       |       |       |       |    11 ||    11
 Abil: Fly               |       |       |       |       |     1 |       |       |       |       ||     1
Evoke: Wand              |       |     3 |    13 |     4 |     9 |     5 |     2 |     1 |       ||    37
       Phial of floods   |       |       |       |       |     1 |       |       |       |       ||     1
  Use: Scroll            |       |     9 |     7 |    17 |    16 |    19 |    14 |     3 |     3 ||    88
       Potion            |       |     2 |     2 |     5 |     1 |     2 |     1 |     4 |     1 ||    18
 Stab: Sleeping          |     2 |     2 |     2 |     6 |     4 |    14 |    14 |     3 |     4 ||    51
       Distracted        |       |       |       |       |     2 |       |     1 |     1 |     1 ||     5
Armor: Robe              |    41 |    48 |    72 |       |       |       |       |       |       ||   161
       Steam dragon scal |       |       |    58 |   321 |   409 |   309 |   565 |   420 |   110 ||  2192
       Skin              |       |       |       |     4 |       |       |       |       |       ||     4
Dodge: Dodged            |    73 |    83 |   158 |   429 |  1030 |   518 |   824 |   451 |   158 ||  3724
Block: Other             |       |       |       |   105 |   127 |       |       |       |       ||   232
       Reflection        |       |       |       |     5 |     2 |       |       |       |       ||     7
       Buckler           |       |       |       |       |       |       |   250 |   176 |    79 ||   505

Table legend: (Time is in decaauts)
 A = Elapsed time spent in this place.
 B = Non-inter-level travel time spent in this place.
 C = Inter-level travel time spent in this place.
 D = Time resting spent in this place.
 E = Time spent auto-exploring this place.
 F = Levels seen in this place.
 G = Mean time per level.
                   A        B        C        D        E       F      G
               +--------+--------+--------+--------+--------+-----+--------+
         Total |  64395 |  61274 |   3121 |   9721 |  39202 |  47 | 1370.1 |
       Dungeon |  19770 |  18641 |   1129 |   2031 |  12768 |  15 | 1318.0 |
        Temple |     61 |     53 |      8 |      0 |     50 |   1 |   61.0 |
          Lair |   7570 |   7109 |    461 |    750 |   4851 |   6 | 1261.7 |
         Swamp |   5210 |   4902 |    308 |    733 |   3326 |   4 | 1302.5 |
     Snake Pit |   6888 |   6776 |    112 |   1513 |   4056 |   4 | 1722.0 |
  Orcish Mines |   3315 |   3114 |    201 |   1180 |   1466 |   2 | 1657.5 |
   Elven Halls |   4584 |   4397 |    187 |    904 |   2511 |   3 | 1528.0 |
        Vaults |  10158 |   9593 |    565 |   1500 |   6314 |   5 | 2031.6 |
         Crypt |   3651 |   3531 |    120 |    712 |   1886 |   3 | 1217.0 |
        Depths |   2654 |   2628 |     26 |    372 |   1690 |   2 | 1327.0 |
        Bazaar |    104 |    104 |      0 |      0 |     40 |   1 |  104.0 |
        Bailey |    425 |    425 |      0 |     25 |    244 |   1 |  425.0 |
               +--------+--------+--------+--------+--------+-----+--------+

Top non-repeatable levels by time:
Depths:1: 1458 daAuts
Depths:2: 1195 daAuts
    D:15: 15 daAuts
Note: time per level data comes from an upgraded game and may be incomplete.
